 Dungeon Crawl Stone Soup version 0.18.1-6-gd335043 (webtiles) character file.

1446 Implojin the Skirmisher (level 8, -2/67 HPs)
             Began as a Mummy Monk on May 19, 2016.
             Slain by a hippogriff (3 damage)
             ... on level 7 of the Dungeon.
             The game lasted 00:26:17 (14406 turns).

Implojin the Skirmisher (Mummy Monk)               Turns: 14406, Time: 00:26:17

Health: -2/67      AC:  1    Str: 14    XL:     8   Next: 46%
Magic:  8/8        EV: 14    Int:  9    God:
Gold:   382        SH:  0    Dex: 17    Spells: 0 memorised, 7 levels left

rFire  x . .     SeeInvis .       - Unarmed
rCold  + . .     Gourm    .     (no armour)
rNeg   + + +     Faith    .     (no shield)
rPois  ∞         Spirit   .     b - +0 helmet
rElec  .         Dismiss  .     (no cloak)
rCorr  .         Reflect  .     (no gloves)
SustAt +         Harm     .     (no boots)
MR     +....                    (no amulet)
Stlth  ++........               (no ring)
                                a - ring of sustain attributes

@: somewhat resistant to hostile enchantments, unstealthy
A: no food or potions, fire vulnerability, cold resistance 1, negative energy
resistance 3, torment resistance, unbreathing
a: no special abilities


You were on level 7 of the Dungeon.
You were not hungry.

You visited 1 branch of the dungeon, and saw 7 of its levels.

You collected 382 gold pieces.

Inventory:

Armour
 b - a +0 helmet (worn)
Magical Staves
 i - an uncursed staff of wizardry {unknown}
Jewellery
 a - a ring of sustain attributes (left hand)
 c - a +4 amulet of reflection {unknown}
Wands
 k - a wand of polymorph (9/24)
 o - a wand of confusion (0/48)
Scrolls
 d - 2 scrolls of amnesia {unknown}
 e - 3 scrolls of magic mapping
 f - a scroll of enchant weapon
 j - 4 scrolls of remove curse
 l - 2 scrolls of recharging
 m - a scroll of fog {unknown}
 n - 2 scrolls of noise
Books
 h - a book of Conjurations

   Spells                             Type                      Level
   a - Magic Dart                     Conjuration                  1
   b - Searing Ray                    Conjuration                  2
   c - Dazzling Spray                 Conjuration/Hexes            3
   d - Fulminant Prism                Conjuration/Hexes            4
   e - Iskenderun's Mystic Blast      Conjuration                  4
   f - Iskenderun's Battlesphere      Conjuration/Charms           5
Comestibles
 g - 5 bread rations (quivered)


   Skills:
 - Level 7.1 Fighting
 * Level 4.0 Dodging
 - Level 1.5 Stealth
 - Level 7.0 Unarmed Combat


You had 7 spell levels left.
You didn't know any spells.

Dungeon Overview and Level Annotations

Branches:
Dungeon (7/15)             Temple (0/1) D:5

Altars:
Ashenzari
Makhleb
Okawaru
Pakellas
Vehumet
Yredelemnul
The Shining One

Annotations:
D:3 dvar's ghost, amateur FoFi


Innate Abilities, Weirdness & Mutations

You do not eat or drink.
Your flesh is vulnerable to fire.
You are immune to poison.
Your flesh is cold resistant.
You are immune to negative energy.
You are immune to unholy pain and torment.
You can survive without breathing.


Message History

* * * LOW HITPOINT WARNING * * *
The hippogriff closely misses you.
You hit the hippogriff.
The hippogriff is heavily wounded.
The hippogriff bites you.
* * * LOW HITPOINT WARNING * * *
The hippogriff pecks you.
* * * LOW HITPOINT WARNING * * *
The hippogriff claws you.
* * * LOW HITPOINT WARNING * * *
You hit the hippogriff.
The hippogriff is severely wounded.
Read which item? (? for menu, Esc to quit)
Okay, then.
You hit the hippogriff.
The hippogriff is almost dead.
The hippogriff barely misses you. The hippogriff closely misses you.
The hippogriff claws you.
* * * LOW HITPOINT WARNING * * *
You closely miss the hippogriff.
The hippogriff is almost dead.
The hippogriff bites you.
* * * LOW HITPOINT WARNING * * *
The hippogriff pecks you!
* * * LOW HITPOINT WARNING * * *
The hippogriff claws you.
* * * LOW HITPOINT WARNING * * *
You hit the hippogriff.
You punch the hippogriff, but do no damage.
The hippogriff is almost dead.
The hippogriff misses you. The hippogriff pecks you.
* * * LOW HITPOINT WARNING * * *
The hippogriff claws you.
* * * LOW HITPOINT WARNING * * *
You closely miss the hippogriff.
The hippogriff is almost dead.
The hippogriff misses you. The hippogriff pecks you.
* * * LOW HITPOINT WARNING * * *
The hippogriff claws you.
You die...

#..## ##....# #.#.#
##.###.....
#.##.###.## # #.#
#.###.#.#####.##.#
...............#.#
#.####.######..#.#
#.# #.# #..#.## #.#
#.# #.....## #.# #.#
#..H@..#
#<####.######.......#
#..................##
H......######.#...##
######.######.#..##
#....##.....#
#.##.##..##.#
#(##.##..##.#
#.##.##..#


You could see a hippogriff.

Vanquished Creatures
  Sigmund (D:5)
  A hungry ghost (D:2)
  A necrophage (D:7)
  2 ogres
  A centaur (D:5)
  3 scorpions
  A howler monkey (D:6)
  2 giant frog zombies
  An orc priest (D:7)
  A giant frog skeleton (D:4)
  A jelly (D:3)
  An iguana (D:5)
  6 orc wizards
  3 worker ants
  A worker ant zombie (D:5)
  4 gnolls
  A howler monkey skeleton (D:4)
  5 adders
  A shadow imp (D:6)
  2 oozes
  2 adder skeletons (D:5)
  5 worms
  2 dart slugs
  3 giant geckos
  20 orcs
  A ball python (D:3)
  2 giant cockroaches (D:1)
  6 goblins
  14 hobgoblins
  7 jackals
  4 quokkas
  A bat (D:2)
  7 giant newts
  A jackal skeleton (D:7)
  9 kobolds
  A quokka skeleton (D:5)
  7 rats
131 creatures vanquished.

Notes
Turn   | Place    | Note
--------------------------------------------------------------
     0 | D:1      | Implojin the Mummy Monk began the quest for the Orb.
     0 | D:1      | Reached XP level 1. HP: 18/18 MP: 1/1
   415 | D:1      | Reached XP level 2. HP: 23/24 MP: 2/2
  1199 | D:2      | Reached skill level 4 in Unarmed Combat
  1585 | D:2      | Reached XP level 3. HP: 12/29 MP: 3/3
  2835 | D:3      | Noticed a hungry ghost
  3354 | D:3      | Reached XP level 4. HP: 19/35 MP: 4/4
  4563 | D:3      | Reached skill level 5 in Unarmed Combat
  5552 | D:3      | Reached XP level 5. HP: 33/41 MP: 5/5
  5583 | D:3      | Noticed dvar's ghost (amateur FoFi)
  5854 | D:4      | Found a shattered altar of Ashenzari.
  6651 | D:2      | Killed a hungry ghost
  6651 | D:2      | Reached skill level 6 in Unarmed Combat
  6651 | D:2      | Reached XP level 6. HP: 33/47 MP: 6/6
  7685 | D:5      | Entered Level 5 of the Dungeon
  7687 | D:5      | Noticed Sigmund
  8539 | D:5      | Found an oddly glowing altar of Pakellas.
  9749 | D:4      | Reached skill level 7 in Unarmed Combat
 10048 | D:4      | Reached XP level 7. HP: 45/52 MP: 7/7
 10742 | D:5      | Reached skill level 4 in Fighting
 11290 | D:5      | Reached skill level 5 in Fighting
 11642 | D:5      | Found a staircase to the Ecumenical Temple.
 11850 | D:5      | Found a staircase to the Ecumenical Temple.
 12099 | D:5      | Killed Sigmund
 12099 | D:5      | Reached skill level 6 in Fighting
 12357 | D:6      | Reached XP level 8. HP: 42/65 MP: 8/8
 12826 | D:6      | Reached skill level 7 in Fighting
 12925 | D:6      | Found a glowing golden altar of the Shining One.
 12927 | D:6      | Noticed an angel
 12932 | D:6      | Found a basalt altar of Yredelemnul.
 12934 | D:6      | Noticed a profane servitor
 12963 | D:6      | Found a burning altar of Makhleb.
 12963 | D:6      | Noticed an Executioner
 13170 | D:6      | Found an iron altar of Okawaru.
 13173 | D:6      | Found a radiant altar of Vehumet.
 13176 | D:6      | Found an oddly glowing altar of Pakellas.
 13215 | D:7      | Reached skill level 3 in Dodging
 13919 | D:7      | Reached skill level 4 in Dodging
 14405 | D:7      | HP: 2/67 [hippogriff (5)]
 14406 | D:7      | Slain by a hippogriff

Skill      XL: |  1  2  3  4  5  6  7  8 |
---------------+-------------------------+-----
Unarmed Combat | 4 5 6 7 |  7.0
Fighting       | 6 7 |  7.1
Dodging        | 4 |  4.0
Stealth        | |  1.5

Action                   |  1- 3 |  4- 6 |  7- 9 || total
-------------------------+-------+-------+-------++-------
Melee: Unarmed           |   182 |   282 |   230 ||   694
       Punch             |     5 |    13 |    11 ||    29
  Use: Scroll            |       |     7 |     5 ||    12
 Stab: Sleeping          |     4 |     3 |     3 ||    10
Armor: Skin              |       |     9 |     8 ||    17
Dodge: Dodged            |    76 |   155 |   108 ||   339

Table legend:
 A = Turns spent in this place as a percentage of turns spent in the entire game.
 B = Non-inter-level travel turns spent in this place as a percentage of non-inter-level travel turns spent in the entire game.
 C = Inter-level travel turns spent in this place as a percentage of turns spent in this place.
 D = Turns resting spent in this place as a percentage of non-inter-level travel turns spent in this place.
 E = Turns spent auto-exploring this place as a percentage of non-inter-level travel turns spent in this place.
 F = Non-inter-level travel turns spent in this place divided by the number of levels of this place that you've seen.
                   A       B       C       D       E      F
               +-------+-------+-------+-------+-------+----------------------
         Total | 100.0 | 100.0 |   0.8 |   4.9 |   4.9 | 500.3
       Dungeon | 100.0 | 100.0 |   0.8 |   4.9 |   4.9 | 500.3
               +-------+-------+-------+-------+-------+----------------------

Table legend:
 A = Kills in this place as a percentage of kills in entire the game.
 B = Kills by you in this place as a percentage of kills by you in the entire game.
 C = Kills by friends in this place as a percentage of kills by friends in the entire game.
 D = Other kills in this place as a percentage of other kills in the entire game.
 E = Experience gained in this place as a percentage of experience gained in the entire game.
 F = Experience gained in this place divided by the number of levels of this place that you have seen.
                   A       B       C       D       E      F
               +-------+-------+-------+-------+-------+----------------------
         Total | 100.0 | 100.0 |  -nan |  -nan | 100.0 | 295.1
       Dungeon | 100.0 | 100.0 |  -nan |  -nan | 100.0 | 295.1
               +-------+-------+-------+-------+-------+----------------------
